 Dungeon Sprint DCSS version 0.28.0-53-g5a82cb258f (webtiles) character file.

Game seed: 11761420826933114727

98 Zeld the Magician (level 4, -2/24 HPs)
             Began as a Deep Elf Conjurer on June 9, 2022.
             Was an Initiate of Sif Muna.
             Slain by a scorpion (8 damage)
             ... in the Dungeon (Sprint VII: "The Pits").
             The game lasted 00:00:32 (542 turns).

Zeld the Magician (Deep Elf Conjurer)                Turns: 542, Time: 00:00:33

Health: -2/24      AC:  2    Str:  4    XL:     4   Next: 44%
Magic:  8/15       EV: 12    Int: 25    God:    Sif Muna [......]
Gold:   0          SH:  0    Dex: 13    Spells: 7/18 levels left

rFire   . . .      SeeInvis .   (no weapon)
rCold   . . .      Faith    .   (no shield)
rNeg    . . .      Spirit   .   a - +0 robe
rPois   .          Reflect  .   (no helmet)
rElec   .          Harm     .   (no cloak)
rCorr   .          Rampage  .   (no gloves)
Will    .....      NoTele   +   (no boots)
Stlth   ++........              (no amulet)
HPRegen 0.08/turn               (no ring)
MPRegen 0.14/turn               (no ring)

@: very slightly contaminated
A: no striking features
a: Renounce Religion


You were in the Dungeon.
You worshipped Sif Muna.
Sif Muna was noncommittal.
You visited 1 branch

Inventory:

Armour
 a - a +0 robe (worn)
Scrolls
 g - a scroll of blinking
 i - 5 scrolls of amnesia
 j - a scroll of summoning
Potions
 c - a potion of heal wounds
 d - a potion of haste
 e - 4 potions of magic
 f - 3 potions of berserk rage
 h - 2 potions of invisibility


   Skills:
 - Level 2.4 Dodging
 - Level 2.4 Stealth
 * Level 7.9 Spellcasting
 * Level 7.6 Conjurations
 + Level 4.0 Invocations


You had 7 spell levels left.
You knew the following spells:

 Your Spells              Type           Power      Damage    Failure   Level
a - Magic Dart            Conj           100%       1d8       1%          1
b - Searing Ray           Conj           94%        2d7       1%          2
c - Fulminant Prism       Conj/Hex       14%        3d9       13%         4
d - Iskenderun's Mystic   Conj/Tloc      28%        2d7       13%         4

Your spell library contained the following spells:

 Spells                   Type           Power      Damage    Failure   Level
 Dazzling Flash           Conj/Hex       56%        N/A       3%          3


Dungeon Overview and Level Annotations

Branches:
Dungeon (1/1)

Altars:
Ashenzari
Cheibriados
Dithmenos
Elyvilon
Fedhas
Gozag
Hepliaklqana
Kikubaaqudgha
Makhleb
Nemelex Xobeh
Okawaru
Qazlal
Ru
Sif Muna
Trog
Uskayaw
Vehumet
Wu Jian
Xom
Yredelemnul
Zin
The Shining One
Beogh
Jiyva
Lugonu


Message History

You see here 10 stones.
There is an open door here.
Things that are here:
a +2 falchion; a +2 dagger
Things that are here:
a +2 mace; a +2 hand axe
Things that are here:
a +2 quarterstaff; a +2 trident
There is an open door here.
You start waiting.
You open the door.
A scorpion and an adder skeleton come into view.
Casting: Magic Dart (safe; 1% risk of failure)
Confirm with . or Enter, or press ? or * to list all spells.
Aiming: Searing Ray (safe; 1% risk of failure)
Press: ? - help, Shift-Dir - straight line, f - scorpion
Aim: a scorpion (82% to hit)
The searing ray hits the scorpion.
The scorpion is moderately wounded. (Press . to maintain the ray.)
The scorpion stings you!
The searing ray hits the scorpion!
The scorpion is severely wounded.
The searing ray hits the adder skeleton!
The adder skeleton is severely damaged.
The scorpion closely misses you. The scorpion stings you!
* * * LOW HITPOINT WARNING * * *
You are lethally poisoned!
The scorpion poisons you!
Unknown command.
You feel better. The scorpion stings you!
Casting: Searing Ray (safe; 1% risk of failure)
Confirm with . or Enter, or press ? or * to list all spells.
The spell is extremely dangerous to miscast (13% risk of failure)!
Continue anyway?
You miscast Iskenderun's Mystic Blast.
You are very lightly contaminated with residual magic.
You are caught in a violent explosion.
* * * LOW HITPOINT WARNING * * *
The scorpion stings you!
You die...

############
#_________.#
#_________.#
#_______...###########++
##########'##...........
#.?(.')))'.##......#..#.
##########.##...........
#......@....'...........
#+#####s#####......#..#.
#Z# #........... #.#
####'#####++ +.#
#.......# ### #.......#
#.......# #...<...#
#.......#


You could see a scorpion and an adder skeleton.

Vanquished Creatures
  A floating eye (D)
1 creature vanquished.

Notes
Turn   | Place    | Note
-------+----------+-------------------------------------------
     0 | D        | Zeld the Deep Elf Conjurer began the quest for the Orb.
     0 | D        | Reached XP level 1. HP: 10/10 MP: 6/6
    22 | D        | Noticed a floating eye
    23 | D        | Paralysed by a floating eye for 3 turns
    28 | D        | Paralysed by a floating eye for 2 turns
    33 | D        | Paralysed by a floating eye for 4 turns
    39 | D        | Found a bloodstained altar of Trog.
    39 | D        | Found a shimmering blue altar of Sif Muna.
    39 | D        | Found a viscous altar of Jiyva.
    39 | D        | Found a hazy altar of Hepliaklqana.
    39 | D        | Found an opulent altar of Gozag.
    40 | D        | Found a glowing golden altar of the Shining One.
    40 | D        | Found a glowing silver altar of Zin.
    40 | D        | Found a basalt altar of Yredelemnul.
    40 | D        | Found a shimmering altar of Xom.
    40 | D        | Found an ornate altar of the Wu Jian Council.
    40 | D        | Found a sacrificial altar of Ru.
    40 | D        | Found a stormy altar of Qazlal.
    40 | D        | Found an iron altar of Okawaru.
    40 | D        | Found a sparkling altar of Nemelex Xobeh.
    40 | D        | Found a burning altar of Makhleb.
    40 | D        | Found a blossoming altar of Fedhas.
    40 | D        | Found a white marble altar of Elyvilon.
    40 | D        | Found a shadowy altar of Dithmenos.
    40 | D        | Found a snail-covered altar of Cheibriados.
    41 | D        | Found a radiant altar of Vehumet.
    41 | D        | Found a corrupted altar of Lugonu.
    41 | D        | Paralysed by a floating eye for 3 turns
    44 | D        | Found an ancient bone altar of Kikubaaqudgha.
    44 | D        | Found a hide-covered altar of Uskayaw.
    44 | D        | Found a broken altar of Ashenzari.
    45 | D        | Became a worshipper of Sif Muna the Loreminder
    50 | D        | Paralysed by a floating eye for 2 turns
    52 | D        | Killed a floating eye
    53 | D        | Reached XP level 2. HP: 15/15 MP: 0/12
    53 | D        | Reached XP level 3. HP: 19/19 MP: 0/14
    53 | D        | Reached XP level 4. HP: 24/24 MP: 0/15
    56 | D        | Learned a level 2 spell: Searing Ray
    61 | D        | Learned a level 4 spell: Fulminant Prism
    66 | D        | Learned a level 4 spell: Iskenderun's Mystic Blast
   538 | D        | Noticed a scorpion
   542 | D        | Slain by a scorpion

Illustrated notes

Levels and vault maps discovered:
D:        pitsprint [storerooms_1, entrance_room_1, metal_vault_4, armoury_1,
          mini_pit_1, grid_room_1, main_hall_1, silver_pit, the_coven_2,
          the_vestibule_1, steel_vault_4, golden_pit, hallway_of_sentries,
          crystal_vault_4, iron_vault_1, final_vault]

Skill      XL: |  1 |
---------------+----+-----
Spellcasting   | 7 |  7.9
Conjurations   | 7 |  7.6
Invocations    | 4 |  4.0
Dodging        | |  2.4
Stealth        | |  2.4

Action                   |  1- 3 |  4- 6 || total
-------------------------+-------+-------++-------
 Cast: Magic Dart        |     6 |       ||     6
       Searing Ray       |       |     1 ||     1
  Use: Potion            |       |     1 ||     1
Dodge: Dodged            |       |     1 ||     1
